Map: Pillars of Gold LE

Players

soul

  • Race: Terran Terran
  • League: Grandmaster
  • Spawn Location: 1:00

Geralt (Gerald) - Winner!

  • Race: Protoss Protoss
  • League: Grandmaster
  • Spawn Location: 7:00

Event: DreamHack SC2 Masters 2020 Fall

VOD

Have the link to the VOD?

Description

Time

  • Played on: Aug. 26, 2020, 1:56 p.m.
  • Length: 17:16

All games in this series

Show
View Real Time Build Order
Export as new Build Order

soul Terran 

Build Orders:  

Get SALT Encoding   

  12  0:00  SCV  
  13  0:12  SCV  
  14  0:18  Supply Depot  
  14  0:24  SCV  
  15  0:39  SCV  
  15  0:40  Barracks  
  16  0:46  Refinery  
  16  0:51  SCV  
  17  1:03  SCV  
  18  1:15  SCV  
  19  1:27  Marine  
  19  1:28  Orbital Command  
  20  1:54  Command Center  
  20  1:55  SCV  
  21  2:02  Factory  
  21  2:06  Barracks Reactor  
  21  2:07  SCV  
  22  2:15  Supply Depot  
  22  2:20  SCV  
  22  2:21  Refinery  
  23  2:36  SCV  
  24  2:48  SCV  
  25  2:52  Starport  
  25  2:53  Hellion x2  
  25  2:54  Marine  
  29  3:02  SCV, Starport  
  30  3:06  Orbital Command  
  30  3:14  SCV  
  30  3:15  Widow Mine x2  
  30  3:18  Barracks Tech Lab  
  35  3:26  SCV  
  36  3:32  SCV  
  37  3:38  SCV  
  37  3:39  Medivac  
  40  3:43  Armory  
  40  3:44  SCV  
  41  3:50  SCV  
  41  3:51  Marine x2  
  41  3:55  Supply Depot  
  44  4:01  SCV  
  43  4:03  SCV  
  43  4:04  Supply Depot  
  43  4:09  Marine  
  45  4:14  SCV  
  45  4:16  SCV, Siege Tank  
  50  4:21  Supply Depot  
  50  4:26  SCV  
  50  4:28  SCV, Marine x2  
  54  4:32  Drilling Claws, Bunker  
  54  4:38  SCV  
  55  4:41  SCV  
  56  4:45  Marine x2  
  56  4:48  Siege Tank  
  56  4:50  SCV  
  60  4:52  Bunker  
  60  4:53  SCV  
  61  5:07  Medivac  
  62  5:10  Command Center  
  56  5:14  SCV x2  
  56  5:16  Barracks  
  56  5:20  Refinery x2  
  57  5:25  Widow Mine  
  57  5:26  SCV  
  60  5:29  Marine x2  
  60  5:31  Barracks  
  60  5:32  SCV  
  63  5:43  SCV  
  63  5:44  Engineering Bay x2  
  63  5:46  Widow Mine  
  66  5:51  Marine  
  66  5:52  Marine  
  66  5:54  Medivac  
  70  6:02  Supply Depot  
  70  6:04  Barracks  
  70  6:05  Barracks  
  70  6:10  Supply Depot x2, Terran Infantry Weapons Level 1, Terran Infantry Armor Level 1  
  70  6:19  Barracks Tech Lab  
  70  6:20  Stimpack  
  70  6:21  Barracks Reactor  
  70  6:22  SCV x2  
  70  6:23  Orbital Command  
  72  6:30  Starport Reactor  
  72  6:32  Widow Mine  
  74  6:34  SCV x2, Widow Mine  
  78  6:45  Marine  
  78  6:46  SCV, Marauder  
  82  6:50  SCV  
  82  6:53  Widow Mine  
  85  6:54  Supply Depot  
  85  6:55  Supply Depot  
  85  6:56  Widow Mine  
  85  6:58  SCV  
  86  7:02  Marine  
  86  7:03  SCV, Marine  
  86  7:04  Marauder  
  86  7:05  Combat Shield  
  91  7:09  Barracks Reactor, Barracks Tech Lab  
  91  7:13  Medivac  
  91  7:15  SCV  
  94  7:16  SCV  
  94  7:22  Supply Depot x2  
  95  7:23  Supply Depot  
  95  7:27  Medivac  
  95  7:28  Widow Mine  
  100  7:30  SCV x2, Marine  
  100  7:36  Marine  
  100  7:37  Marauder  
  105  7:42  SCV  
  105  7:43  Medivac  
  108  7:45  Widow Mine, Marine  
  108  7:46  Orbital Command, Marauder  
  108  7:50  SCV, Widow Mine  
  116  7:54  SCV  
  116  7:55  Supply Depot, Marine  
  116  7:56  Marauder  
  116  7:57  Supply Depot  
  120  8:02  SCV  
  119  8:06  SCV, Marine  
  119  8:07  Marauder  
  119  8:09  Bunker  
  119  8:12  SCV  
  124  8:14  SCV, Marine  
  124  8:15  Marauder  
  124  8:16  Ghost Academy  
  124  8:17  Marauder, Widow Mine  
  124  8:18  SCV  
  133  8:22  Medivac x2  
  133  8:24  SCV  
  133  8:26  SCV, Marine x3  
  136  8:28  Marine  
  136  8:30  SCV  
  139  8:36  SCV  
  139  8:38  SCV  
  139  8:40  Supply Depot  
  143  8:42  SCV  
  143  8:46  Supply Depot, Ghost x2  
  143  8:47  Marine  
  143  8:48  Supply Depot  
  145  8:49  SCV  
  145  8:51  SCV, Refinery x2  
  147  9:00  Marine  
  147  9:01  Marauder  
  150  9:03  Missile Turret  
  150  9:05  Widow Mine x2, Marine x3  
  150  9:19  Viking x2  
  155  9:27  Marauder x3  
  152  9:35  Terran Infantry Armor Level 2, Terran Infantry Weapons Level 2  
  152  9:36  Command Center, Marine x2  
  152  9:37  Marine x2  
  152  9:38  Widow Mine  
  154  9:47  Marine x2  
  154  9:48  Marine  
  154  9:49  Medivac  
  154  9:52  Medivac  
  155  9:54  Marine x3  
  155  9:55  Marine  
  157  10:05  Marine  
  157  10:06  Marauder x2  
  162  10:09  Supply Depot  
  162  10:11  Command Center  
  162  10:14  Marine  
  162  10:19  Medivac  
  162  10:20  Marine  
  162  10:23  Widow Mine x2  
  162  10:24  Marauder  
  162  10:27  Enhanced Shockwaves, Marauder x2  
  172  10:28  Marine  
  172  10:29  Marine  
  172  10:31  Starport  
  172  10:34  Medivac  
  170  10:36  Marine  
  170  10:42  Supply Depot  
  171  10:44  Widow Mine  
  171  10:45  Marauder, Marine  
  171  10:49  Viking, Marauder x2, Marine  
  183  10:54  Supply Depot  
  183  10:58  SCV  
  183  11:00  SCV  
  183  11:01  Marine  
  185  11:04  SCV  
  185  11:05  Viking  
  192  11:16  Refinery  
  192  11:17  SCV x2, Sensor Tower  
  194  11:19  Ghost x2  
  194  11:20  Factory Reactor  
  194  11:29  Refinery  
  194  11:31  Ghost  
  196  11:33  Marine x3  
  199  11:40  Missile Turret  
  199  11:43  Sensor Tower  
  198  11:49  Terran Ship Weapons Level 1  
  198  11:50  Fusion Core  
  197  12:00  Planetary Fortress, Missile Turret  
  197  12:06  Viking, Command Center  
  199  12:16  Concussive Shells  
  199  12:17  Barracks  
  199  12:18  Barracks  
  199  12:19  Barracks  
  199  12:23  Terran Infantry Weapons Level 3  
  199  12:37  Advanced Ballistics  
  198  12:51  Terran Infantry Armor Level 3  
  191  13:00  Liberator x2  
  197  13:07  Liberator  
  194  13:18  Liberator  
  193  13:20  Marauder x3, Marine  
  193  13:22  Marine  
  193  13:27  Marine  
  194  13:32  Marine  
  196  13:41  Marauder  
  196  13:42  Marauder  
  196  13:46  Missile Turret  
  200  13:49  Personal Cloaking  
  200  13:50  Missile Turret, Terran Ship Weapons Level 2  
  200  13:52  Barracks Tech Lab x2  
  200  13:56  Refinery  
  200  13:57  Missile Turret  
  200  13:58  Refinery  
  200  13:59  Missile Turret  
  198  14:13  Command Center  
  198  14:17  Missile Turret  
  198  14:22  Ghost  
  191  14:26  Ghost  
  182  14:34  Ghost x2  
  182  14:35  Ghost  
  182  14:38  SCV x3  
  175  14:43  Marine, Liberator  
  176  14:48  Marine  
  176  14:50  SCV x3  
  176  14:51  Marauder  
  181  14:55  Planetary Fortress, Marauder  
  180  15:02  SCV x3  
  180  15:05  Marine  
  180  15:06  Marauder  
  170  15:09  Refinery  
  170  15:11  Marauder, Marine, Liberator  
  161  15:14  SCV x3  
  161  15:15  Nuke  
  161  15:16  Liberator  
  163  15:24  Liberator  
  163  15:26  SCV x3  
  163  15:27  Marauder, Marine  
  169  15:31  Marauder x2, Marine x5  
  169  15:33  Marauder  
  179  15:38  SCV x3  
  179  15:39  Sensor Tower  
  182  15:43  SCV  
  182  15:45  SCV, Marine  
  180  15:50  SCV x2  
  180  15:54  Liberator  
  180  15:56  SCV  
  178  16:04  Liberator  
  171  16:07  Liberator  
  177  16:14  Marine x5  
  177  16:17  Marine, Liberator  
  186  16:20  Marine  
  186  16:21  Marauder  
  184  16:27  Marine  
  184  16:28  Marauder  
  184  16:32  Marine x2  
  186  16:38  Supply Depot  
  186  16:39  Supply Depot  
  182  16:40  Supply Depot  
Show
View Real Time Build Order
Export as new Build Order

Geralt Protoss - Winner!

Build Orders: 1 Gate Expand, Blink Stalkers 

Get SALT Encoding   

  12  0:00  Probe  
  13  0:12  Probe  
  14  0:17  Pylon  
  14  0:24  Probe (Chrono Boost)  
  15  0:37  Probe (Chrono Boost)  
  15  0:38  Gateway  
  16  0:43  Probe (Chrono Boost)  
  16  0:47  Assimilator  
  17  0:51  Probe  
  18  1:04  Probe  
  19  1:16  Probe  
  20  1:25  Cybernetics Core  
  20  1:28  Probe  
  21  1:38  Nexus  
  21  1:48  Probe  
  21  1:50  Pylon  
  22  1:58  Assimilator  
  22  2:02  Adept (Chrono Boost)  
  22  2:08  Probe  
  24  2:15  Twilight Council  
  24  2:20  Probe  
  25  2:24  Adept (Chrono Boost)  
  27  2:32  Probe  
  27  2:34  Pylon  
  28  2:37  Warp Gate  
  28  2:49  Stalker  
  28  2:50  Probe  
  31  2:55  Probe  
  32  3:02  Probe, Blink (Chrono Boost)  
  33  3:07  Probe  
  34  3:14  Probe  
  34  3:19  Gateway  
  35  3:29  Probe x2  
  37  3:36  Gateway  
  38  3:41  Probe x2  
  38  3:45  Robotics Facility  
  39  3:53  Probe x2  
  41  4:08  Probe  
  41  4:09  Probe  
  41  4:20  Probe, Nexus  
  41  4:21  Probe  
  43  4:25  Stalker  
  43  4:26  Stalker  
  47  4:32  Assimilator  
  47  4:33  Probe x2  
  47  4:37  Stalker  
  52  4:38  Observer (Chrono Boost)  
  52  4:45  Probe x2  
  54  4:51  Stalker  
  53  4:57  Probe  
  54  5:05  Probe  
  52  5:08  Stalker  
  52  5:12  Charge  
  54  5:19  Pylon  
  54  5:25  Forge  
  54  5:27  Gateway x2  
  54  5:29  Pylon  
  54  5:31  Probe x2  
  54  5:35  Probe  
  57  5:38  Stalker  
  57  5:39  Stalker  
  61  5:43  Stalker  
  61  5:44  Probe (Chrono Boost)  
  61  5:46  Probe (Chrono Boost)  
  61  5:48  Probe (Chrono Boost)  
  61  5:49  Observer (Chrono Boost)  
  67  5:56  Probe (Chrono Boost)  
  68  5:58  Probe (Chrono Boost)  
  68  6:02  Protoss Ground Armor Level 1  
  71  6:04  Probe (Chrono Boost)  
  71  6:05  Probe x2 (Chrono Boost), Pylon  
  71  6:10  Probe  
  73  6:11  Probe  
  73  6:12  Probe, Robotics Bay  
  75  6:22  Probe  
  75  6:23  Probe  
  75  6:24  Probe, Zealot x2  
  75  6:25  Zealot  
  84  6:32  Zealot x2  
  88  6:34  Probe, Pylon  
  88  6:39  Probe x2  
  91  6:46  Probe  
  87  6:51  Probe x2  
  89  6:58  Probe  
  85  7:01  Photon Cannon  
  85  7:03  Probe x2  
  85  7:04  Photon Cannon  
  85  7:05  Stalker x4  
  85  7:08  Colossus (Chrono Boost)  
  99  7:23  Probe x2  
  99  7:24  Extended Thermal Lance  
  99  7:25  Photon Cannon  
  99  7:27  Pylon  
  101  7:35  Assimilator  
  101  7:39  Assimilator  
  101  7:45  Probe x3, Pylon x2  
  101  7:47  Pylon  
  104  7:55  Gateway  
  104  7:56  Gateway  
  104  7:57  Probe x2  
  106  7:59  Gateway  
  106  8:02  Colossus  
  106  8:04  Probe  
  110  8:10  Zealot x5  
  110  8:11  Probe  
  121  8:15  Probe  
  121  8:19  Probe  
  123  8:27  Probe  
  123  8:29  Templar Archives  
  123  8:33  Protoss Ground Weapons Level 1 (Chrono Boost)  
  124  8:38  Probe, Pylon  
  125  8:50  Probe  
  125  8:52  Nexus  
  126  8:58  Pylon  
  126  8:59  Pylon x2, Assimilator  
  124  9:11  Zealot x8, Psionic Storm  
  124  9:15  Colossus  
  142  9:25  Photon Cannon  
  142  9:26  Probe  
  142  9:30  Probe  
  144  9:32  Stalker x2  
  144  9:33  High Templar x3  
  144  9:34  Probe  
  155  9:45  Forge  
  149  10:03  Probe  
  150  10:09  Shield Battery, Photon Cannon  
  150  10:10  Probe, Zealot x3  
  150  10:11  Stalker x2  
  150  10:14  Assimilator  
  161  10:15  Probe x2  
  161  10:18  Assimilator  
  151  10:22  Probe  
  151  10:23  High Templar x3  
  151  10:27  Probe, Nexus  
  151  10:28  Probe  
  160  10:34  Probe  
  161  10:39  Probe  
  161  10:40  Probe x2  
  164  10:46  Probe  
  164  10:47  Warp Prism (Chrono Boost)  
  164  10:48  Archon  
  165  10:51  Protoss Ground Weapons Level 2 (Chrono Boost)  
  165  10:52  Probe x3, Observer  
  168  10:58  Probe (Chrono Boost)  
  168  11:00  Protoss Ground Armor Level 2 (Chrono Boost)  
  168  11:02  Robotics Facility  
  168  11:04  Probe x3 (Chrono Boost)  
  169  11:15  Disruptor  
  169  11:16  Probe x4 (Chrono Boost)  
  175  11:21  Probe x2 (Chrono Boost)  
  175  11:23  Probe (Chrono Boost)  
  178  11:28  Nexus  
  178  11:37  Probe x2  
  180  11:44  Pylon  
  180  11:48  Assimilator  
  180  11:49  Pylon  
  180  11:50  Pylon  
  180  11:51  Pylon  
  180  11:52  Assimilator  
  180  11:54  Observer  
  180  11:57  Dark Shrine  
  180  11:58  Gateway  
  180  12:00  Gateway  
  180  12:01  Disruptor x2  
  180  12:02  Probe x2  
  180  12:03  Gateway  
  180  12:04  Gateway  
  180  12:08  Shield Battery, Photon Cannon  
  188  12:09  Probe  
  188  12:12  Photon Cannon  
  188  12:13  Pylon  
  189  12:19  Gravitic Drive (Chrono Boost)  
  189  12:21  Probe  
  191  12:22  Probe  
  191  12:27  Stalker x4  
  199  12:51  Probe  
  194  13:02  Probe, Stalker x2  
  194  13:03  Probe, Stalker  
  200  13:08  Zealot  
  198  13:19  Disruptor  
  182  13:26  Disruptor  
  169  13:28  Probe (Chrono Boost)  
  169  13:30  High Templar x4  
  169  13:31  Zealot x8  
  193  13:36  Protoss Ground Weapons Level 3 (Chrono Boost)  
  193  13:37  Probe (Chrono Boost)  
  193  13:39  Photon Cannon  
  193  13:40  Shadow Stride  
  194  13:41  Shield Battery  
  194  13:43  Probe (Chrono Boost)  
  194  13:45  Protoss Ground Armor Level 3 (Chrono Boost)  
  194  13:47  Probe (Chrono Boost)  
  196  13:49  Probe (Chrono Boost)  
  196  13:53  Probe  
  196  13:54  Disruptor  
  200  13:56  Photon Cannon  
  200  13:57  Photon Cannon  
  200  13:59  Shield Battery  
  200  14:00  Shield Battery  
  198  14:17  Nexus  
  198  14:19  Pylon  
  198  14:22  Assimilator  
  192  14:24  Disruptor  
  178  14:39  Zealot  
  178  14:40  Zealot x10  
  189  14:53  Probe, Stalker  
  189  14:56  Probe  
  190  15:04  Archon  
  185  15:11  Archon  
  185  15:13  Dark Templar x9  
  199  15:16  Probe  
  184  15:27  Disruptor x2  
  175  15:31  Probe  
  175  15:32  Probe  
  175  15:35  Assimilator  
  175  15:37  Dark Templar x3  
  181  15:46  Zealot x9  
  199  16:02  Disruptor  
  200  16:29  Photon Cannon  
  200  16:31  Photon Cannon  
  194  16:48  Probe  
  194  16:52  Stalker x7  
  194  16:53  Stalker x4  

Tags
 
Add a new tag
Caveats
  • Supply blocks, unpowered buildings, or Contaminate may cause inaccurate times.
  • Supply counts are checked every 10 seconds.